AoeStats
← Simon Stokvis

Four Lakes

503122313Analyzed
4v4 RM · 1mo ago on Aug 30, 2026· 51m 41s· 8 players
Game mode
Random Map
Map size
Large (8 player)
Population
200
Speed
Normal
Resources
Standard
Victory
Conquest
Starting age
Dark Age
Ending age
Imperial Age
RankedLock teamsTeams togetherTeam positionsShared explorationLock speedFull tech treeHidden civsTurbo modeCheats
Victory
Defeat
🇪🇸 Magyars · Spain
1597
+12
🇪🇸 Ethiopians · Spain
1520
+16
🇪🇸 Berbers · Spain
1510
+16
🇩🇪 Japanese · Germany
1506
+16
🇳🇱 Khmer · Netherlands
1528
-16
🇦🇺 Ethiopians · Australia
1524
-16
🇨🇳 Koreans · China
1505
-15
🇭🇰 Wu · Hong Kong SAR China
1495
-14
OmegaJ256
9:45 Feudal Age
10:17 Double-Bit Axe
13:18 Scale Barding Armor
15:11 Loom
15:17 Fishing Lines
16:21 Bloodlines
16:27 Horse Collar
18:36 Forging
21:30 Castle Age
21:33 Light Cavalry
22:34 Chain Barding Armor
23:14 Husbandry
26:38 Gillnets
30:25 Fletching
32:59 Masonry
38:23 Imperial Age
36:30 Wheelbarrow
36:28 Town Watch
36:57 Gold Mining
36:59 Stone Mining
38:36 Gold Shaft Mining
39:22 Iron Casting
38:30 Heavy Hei Guang Cavalry
39:48 Plate Barding Armor
40:09 Ballistics
41:51 Blast Furnace
41:14 Bodkin Arrow
47:12 Bracer
48:13 Chemistry
47:44 Architecture
47:14 Murder Holes
Simon Stokvis
10:27 Feudal Age
10:58 Double-Bit Axe
15:08 Castle Age
15:36 Fletching
15:17 Crossbowman
16:18 Padded Archer Armor
21:40 Bodkin Arrow
24:49 Loom
27:58 Town Watch
29:59 Ballistics
33:52 Leather Archer Armor
37:36 Imperial Age
38:07 Arbalester
40:27 Bracer
41:11 Elite Skirmisher
42:41 Ring Archer Armor
45:22 Bow Saw
45:07 Heavy Scorpion
45:52 Double Crossbow
49:12 Chemistry
50:03 Siege Engineers
表哥
8:47 Loom
10:57 Feudal Age
11:47 Double-Bit Axe
12:09 Fishing Lines
13:19 Town Watch
15:35 Fletching
21:15 Castle Age
19:22 Gold Mining
21:26 Crossbowman
22:27 Bodkin Arrow
23:54 Bow Saw
23:53 Thumb Ring
24:52 Wheelbarrow
24:40 Gillnets
24:51 Horse Collar
26:42 Ballistics
29:44 Stone Mining
30:31 Gold Shaft Mining
30:37 Hand Cart
40:48 Imperial Age
39:55 Stone Shaft Mining
41:21 Arbalester
42:02 Bracer
43:32 Chemistry
42:57 Conscription
43:09 Squires
42:54 Arson
42:30 Elite Fire Lancer
43:22 Forging
43:13 Scale Mail Armor
44:28 Eupseong
45:03 Chain Mail Armor
45:24 Iron Casting
46:08 Two-Man Saw
46:45 Plate Mail Armor
46:50 Siege Engineers
46:31 Arrowslits
46:27 Treadmill Crane
46:57 Masonry
47:44 Scale Barding Armor
47:06 Elite Skirmisher
48:08 Husbandry
47:29 Light Cavalry
49:25 Hussar
Cambo
7:08 Loom
10:15 Feudal Age
11:00 Double-Bit Axe
14:21 Fletching
20:26 Padded Archer Armor
20:28 Gold Mining
21:21 Horse Collar
25:56 Castle Age
26:05 Crossbowman
27:28 Gold Shaft Mining
29:20 Thumb Ring
29:12 Bodkin Arrow
37:35 Wheelbarrow
37:29 Stone Mining
39:36 Stone Shaft Mining
41:26 Leather Archer Armor
44:29 Imperial Age
44:13 Heavy Plow
45:12 Bracer
45:35 Conscription
46:23 Chemistry
44:58 Arbalester
49:10 Ring Archer Armor
49:32 Elite Skirmisher
51:14 Bow Saw
Ux'DonChauron
6:50 Loom
9:23 Feudal Age
9:58 Double-Bit Axe
10:24 Fishing Lines
12:27 Scale Barding Armor
17:59 Bloodlines
23:48 Castle Age
24:02 Wheelbarrow
24:32 Husbandry
23:52 Light Cavalry
24:56 Chain Barding Armor
27:00 Horse Collar
27:33 Bow Saw
27:15 Gillnets
27:30 Gold Mining
27:27 Town Watch
28:53 Stone Mining
30:12 Hand Cart
32:21 Gold Shaft Mining
31:56 Heavy Plow
35:52 Fletching
40:35 Imperial Age
38:21 Corvinian Army
39:03 Bodkin Arrow
40:38 Cavalier
41:55 Plate Barding Armor
41:43 Conscription
42:18 Paladin
43:43 Ballistics
46:02 Hoardings
46:39 Hoardings
46:43 Caravan
50:37 Masonry
51:28 Chemistry
50:08 Treadmill Crane
50:28 Elite Magyar Huszar
Ux'Tycho0201
7:29 Loom
9:44 Feudal Age
10:48 Double-Bit Axe
12:55 Scale Barding Armor
14:25 Horse Collar
17:54 Forging
23:07 Castle Age
21:07 Gold Mining
21:50 Bloodlines
24:18 Chain Barding Armor
25:33 Husbandry
29:13 Bow Saw
33:50 Town Watch
35:57 Wheelbarrow
40:14 Hand Cart
40:50 Heavy Plow
46:05 Imperial Age
46:24 Fletching
48:22 Chemistry
47:34 Padded Archer Armor
47:30 Bodkin Arrow
49:06 Ballistics
49:07 Elite Genitour
50:10 Bracer
50:26 Leather Archer Armor
50:24 Thumb Ring
50:49 Cavalier
50:53 Light Cavalry
Ux'Olkan
8:06 Loom
10:38 Feudal Age
11:54 Double-Bit Axe
12:32 Fishing Lines
13:57 Fletching
14:42 Padded Archer Armor
17:29 Horse Collar
21:55 Castle Age
22:30 Gold Mining
22:08 Crossbowman
22:46 Bodkin Arrow
23:07 Leather Archer Armor
23:16 Bow Saw
25:45 Ballistics
27:53 Thumb Ring
32:13 Wheelbarrow
37:40 Imperial Age
38:00 Imperial Age
35:53 Town Watch
38:03 Arbalester
39:57 Chemistry
39:04 Bracer
41:44 Stone Mining
43:13 Kataparuto
46:53 Gold Shaft Mining
46:36 Caravan
48:29 Scale Mail Armor
48:39 Forging
49:00 Ring Archer Armor
49:09 Pikeman
49:50 Squires
50:28 Hand Cart
50:09 Halberdier
51:07 Chain Mail Armor
52:09 Town Patrol
Ux'TheNovack
3:51 Loom
9:31 Feudal Age
10:11 Double-Bit Axe
12:29 Fletching
16:27 Padded Archer Armor
25:31 Castle Age
25:40 Crossbowman
26:20 Bodkin Arrow
30:42 Horse Collar
32:05 Wheelbarrow
32:19 Thumb Ring
32:14 Gold Mining
33:49 Stone Mining
38:34 Ballistics
42:00 Imperial Age
42:01 Arbalester
43:46 Chemistry
43:26 Bracer
44:42 Conscription
44:04 Elite Skirmisher
45:01 Leather Archer Armor
46:26 Ring Archer Armor
50:30 Bow Saw
50:42 Hand Cart
Connection lost

Rejoining the realm…

Still unreachable

The connection could not be restored.

Session expired

The server has moved on; the page needs a fresh start.